 Dungeon Crawl Stone Soup version 0.29-a0-330-g52719c12eb (webtiles) character file.

Game seed: 4852893819529027196

99 kae the Skirmisher (level 4, -3/35 HPs)
             Began as a Demonspawn Fighter on Apr 15, 2022.
             Killed by divine providence
             ... invoked by an orc priest
              (16 damage)
             ... on level 3 of the Dungeon.
             The game lasted 00:01:51 (4165 turns).

kae the Skirmisher (Demonspawn Fighter)             Turns: 4165, Time: 00:01:51

Health: -3/35      AC:  6    Str: 16    XL:     4   Next: 45%
Magic:  4/4        EV:  9    Int: 10    God:
Gold:   129        SH:  0    Dex: 14    Spells: 3/3 levels left

rFire   . . .      SeeInvis .     - Unarmed
rCold   . . .      Faith    .   (no shield)
rNeg    . . .      Spirit   .   a - +0 scale mail
rPois   .          Reflect  .   (no helmet)
rElec   .          Harm     .   (no cloak)
rCorr   .          Rampage  .   (no gloves)
Will    .....                   (no boots)
Stlth   ..........              (no amulet)
HPRegen 0.11/turn               (no ring)
MPRegen 0.09/turn               (no ring)

@: no status effects
A: claws 1
a: no special abilities


You were on level 3 of the Dungeon.
You visited 1 branch of the dungeon, and saw 3 of its levels.

You collected 129 gold pieces.

Inventory:

Armour
 a - a +0 scale mail (worn)
 b - a +0 buckler
Jewellery
 e - a ring of wizardry
 g - a ring of see invisible
 j - a ring of protection from fire
Scrolls
 h - 3 scrolls of teleportation
 i - 4 scrolls of identify
 k - a scroll of fear
Potions
 c - a potion of might
 d - a potion of flight
 f - 2 potions of attraction {unknown}
 l - a potion of ambrosia
 m - a potion of degeneration {unknown}


   Skills:
 + Level 3.5 Fighting
 + Level 3.2 Armour
 + Level 1.3 Dodging
 - Level 2.6 Shields
 * Level 3.0 Unarmed Combat


You had 3 spell levels left.
You didn't know any spells.
Your spell library was empty.

Dungeon Overview and Level Annotations

Branches:
Dungeon (3/15)

Altars:


Innate Abilities, Weirdness & Mutations

You have sharp fingernails.


Message History

No target in view!
Things that are here:
a +0 dagger; a +0 robe; an orc corpse You start resting.
An orc comes into view. It is wielding a +0 flail.
The orc completely misses you.
You closely miss the orc. The orc closely misses you.
You scratch the orc.
The orc is moderately wounded.
The orc closely misses you.
You scratch the orc.
The orc is heavily wounded.
The orc completely misses you.
You scratch the orc but do no damage.
The orc is heavily wounded.
You scratch the orc but do no damage.
The orc is heavily wounded.
The orc hits you but does no damage.
You scratch the orc.
The orc is heavily wounded.
The orc barely misses you.
You scratch the orc.
The orc is severely wounded.
The orc hits you with a +0 flail.
You scratch the orc.
You kill the orc!
You start resting.
An orc priest comes into view.
It is wielding a +0 whip of electrocution.
An orc comes into view. It is wielding a +0 short sword.
The orc shouts!
The orc priest shouts!
The orc priest calls down the wrath of Beogh upon you.
Beogh smites you!
You are too injured to fight recklessly!
You are too injured to fight recklessly!
You are too injured to fight recklessly!
You are too injured to fight recklessly!
You are too injured to fight recklessly!
The orc priest calls down the wrath of Beogh upon you.
Beogh smites you!
You die...

..####.# #...#.#≈≈≈≈≈≈≈≈≈≈≈≈.##
.......#####.#..##≈≈≈≈≈≈≈≈#≈≈≈#.#
...........[.#####≈#≈≈≈#≈#≈≈###..
######.####### ##.≈≈≈≈≈≈≈..####
#.# #)##≈≈.≈≈##.# #.#
#.####.####.# #.# ##.# #..[...#
#.# ########.)# ######.# #..
....o.o@.## #.#### #.. .######.##
#..... ### #.. ..# #########
#.##### ......... #.#####
######.. #.##.. #....... #.##.#
#.####.. ###.##.# #.# #..
#......# #.# #..


You could see an orc priest and an orc.

Vanquished Creatures
  An orc wizard (D:3)
  3 worms (D:2)
  9 dart slugs
  An orc (D:3)
  An endoplasm (D:2)
  4 giant cockroaches
  A goblin (D:1)
  5 hobgoblins
  2 kobolds (D:1)
  A quokka (D:1)
  3 ball pythons
  6 bats
  5 frilled lizards
  7 rats
49 creatures vanquished.

Notes
Turn   | Place    | Note
-------+----------+-------------------------------------------
     0 | D:1      | kae the Demonspawn Fighter began the quest for the Orb.
     0 | D:1      | Reached XP level 1. HP: 18/18 MP: 1/1
   406 | D:1      | Gained mutation: You have sharp fingernails. [demonic
                  | ancestry]
   406 | D:1      | Reached XP level 2. HP: 17/24 MP: 2/2
   829 | D:1      | Found a faded altar of an unknown god.
  1939 | D:2      | Reached XP level 3. HP: 29/29 MP: 3/3
  2490 | D:2      | Reached skill level 1 in Dodging
  3847 | D:3      | Reached XP level 4. HP: 34/35 MP: 4/4
  4165 | D:3      | Killed from afar by an orc priest

Illustrated notes

Levels and vault maps discovered:
D:1:      evilmike_arrival_crescent, layout_loops_cross,
          shapermc_ecumenical_altar_mp_vishouse
D:2:      layout_basic
D:3:      kennysheep_slugbush, layout_loops_ring, uniq_grinder

Skill      XL: |  1  2  3  4 |
---------------+-------------+-----
Unarmed Combat | 2 3 |  3.0
Armour         | 3 |  3.2
Dodging        | 1 |  1.3
Fighting       | |  3.5
Shields        | |  2.6

Action                   |  1- 3 |  4- 6 || total
-------------------------+-------+-------++-------
Melee: Unarmed           |   216 |    23 ||   239
       Punch             |     2 |       ||     2
  Use: Scroll            |     9 |       ||     9
Armor: Scale mail        |   120 |     5 ||   125
Dodge: Dodged            |    97 |     8 ||   105
Block: Buckler           |    28 |       ||    28

Table legend: (Time is in decaauts)
 A = Elapsed time spent in this place.
 B = Non-inter-level travel time spent in this place.
 C = Inter-level travel time spent in this place.
 D = Time resting spent in this place.
 E = Time spent auto-exploring this place.
 F = Levels seen in this place.
 G = Mean time per level.
                   A        B        C        D        E       F      G
               +--------+--------+--------+--------+--------+-----+--------+
         Total |   4170 |   4026 |    144 |    579 |   2984 |   3 | 1390.0 |
       Dungeon |   4170 |   4026 |    144 |    579 |   2984 |   3 | 1390.0 |
               +--------+--------+--------+--------+--------+-----+--------+

Top non-repeatable levels by time:
     D:2: 2053 daAuts
     D:1: 1206 daAuts
     D:3: 910 daAuts
